[Event "Titled Tuesday Blitz May 2 Early 2023"]
[White "Piesik, Piotr"]
[Black "Shukhman, Anna"]
[WhiteFideId "1136194"]
[BlackFideId "54180058"]
[WhiteElo "2299"]
[BlackElo "2125"]
[Result "1-0"]
[Round "07"]
[TimeControl "180+2"]
[Date "2023.05.03"]
[WhiteClock "0:00:00"]
[BlackClock "0:00:00"]

1. Nf3 Nf6 2. g3 g6 3. Bg2 Bg7 4. O-O O-O 5. d4 d6 6. Nbd2 c5 7. dxc5 dxc5 8. e4 Nc6 9. c3 Be6 10. Qe2 Qc7 11. a4 Rfd8 12. Nc4 Bxc4 13. Qxc4 b6 14. Bf4 e5 15. Bg5 h6 16. Bxf6 Bxf6 17. Rfd1 Ne7 18. Bf1 Rd6 19. Rxd6 Qxd6 20. Be2 Rd8 21. Rd1 Qc7 22. h4 Rxd1+ 23. Bxd1 Qd7 24. Bb3 Nc6 25. Qb5 Qc8 26. Bd5 Ne7 27. Bc4 Kg7 28. Kg2 h5 29. Qb3 Qe8 30. Nd2 Nc8 31. Bd5 Ne7 32. Bc4 Nc8 33. Nf1 Nd6 34. Bd5 Bd8 35. Ne3 a6 36. Qa3 f5 37. a5 f4 38. Nf1 bxa5 39. Qxc5 Qd7 40. Nd2 fxg3 41. fxg3 Be7 42. Qxa5 Qg4 43. Qxa6 Bxh4 44. Qa7+ Kh6 45. Qe3+ Bg5 46. Qf2 h4 47. Qf8+ Kh5 48. Qh8+ Bh6 49. Qxe5+ g5 50. Qe8+ Nxe8 51. Bf7# 1-0


[Site "https://www.chess.com"]

[Event "Titled Tuesday Blitz May 2 Early 2023"]
[White "Saya, Ethan"]
[Black "Wadsworth, Matthew J"]
[WhiteFideId "26095181"]
[BlackFideId "415804"]
[WhiteElo "2189"]
[BlackElo "2330"]
[Result "1-0"]
[Round "07"]
[TimeControl "180+2"]
[Date "2023.05.03"]
[WhiteClock "0:00:00"]
[BlackClock "0:00:00"]

1. e4 e6 2. d4 d5 3. exd5 exd5 4. Nf3 Nc6 5. Bb5 Bd6 6. c4 dxc4 7. d5 a6 8. Ba4 b5 9. dxc6 bxa4 10. O-O Ne7 11. Qxa4 Be6 12. Nbd2 Bd5 13. Nxc4 Bxf3 14. Nxd6+ Qxd6 15. gxf3 O-O 16. Bf4 Qg6+ 17. Bg3 Rab8 18. b3 Nxc6 19. Rac1 Rb6 20. Qe4 Rc8 21. Qxg6 hxg6 22. Rfd1 Nb4 23. Rxc7 Rxc7 24. Bxc7 Rc6 25. Rd8+ Kh7 26. Rd7 f6 27. a3 Nc2 28. Bd6 Rc3 29. Bf8 Kg8 30. Bxg7 Rxf3 31. a4 Nb4 32. Kg2 Rf5 33. Bh6 g5 34. Rd8+ Kf7 35. Bf8 Nd5 36. Bd6 Nc3 37. Ra8 Ne4 38. Bg3 Nc5 39. a5 Nxb3 40. Rxa6 Nxa5 41. Kh3 Nc4 42. Kg4 Kg6 43. Ra8 Rb5 44. Rg8+ Kf7 45. Rc8 Ne5+ 46. Kh5 Rb2 47. Rc7+ Ke6 48. Rc8 Nd3 49. Re8+ Kf7 50. Rh8 Nxf2 51. Bxf2 Rxf2 52. Kg4 Rf4+ 53. Kg3 Kg6 54. Rg8+ Kf5 55. Rb8 Ra4 56. Rb5+ Kg6 57. Rb8 Ra3+ 58. Kg2 Kh5 59. Rb4 f5 60. Rb5 f4 61. Rb2 Kh4 62. Rc2 g4 63. Rb2 f3+ 64. Kf2 1-0


[Site "https://www.chess.com"]

[Event "Titled Tuesday Blitz May 2 Early 2023"]
[White "Jeet, Jain"]
[Black "Stanojevic, Ilija"]
[WhiteFideId "5073022"]
[BlackFideId "959995"]
[WhiteElo "2067"]
[BlackElo "2138"]
[Result "1-0"]
[Round "07"]
[TimeControl "180+2"]
[Date "2023.05.03"]
[WhiteClock "0:00:01"]
[BlackClock "0:00:00"]

1. d4 e6 2. Nf3 Nf6 3. Bf4 b6 4. e3 Bb7 5. Bd3 d6 6. c4 Nbd7 7. Nc3 Qe7 8. Bg3 e5 9. Be2 e4 10. Nd2 h5 11. h4 a6 12. Rc1 c5 13. Nb3 g6 14. a4 Bg7 15. a5 d5 16. axb6 dxc4 17. Na5 Nxb6 18. dxc5 Rd8 19. Bd6 Qd7 20. cxb6 Qxd6 21. Nxb7 Qxb6 22. Qxd8+ Qxd8 23. Nxd8 Kxd8 24. Bxc4 1-0


[Site "https://www.chess.com"]

[Event "Titled Tuesday Blitz May 2 Early 2023"]
[White "Tasev, Dejan"]
[Black "Kukula, Pawel"]
[WhiteFideId "936618"]
[BlackFideId "1115081"]
[WhiteElo "2244"]
[BlackElo "2012"]
[Result "1-0"]
[Round "07"]
[TimeControl "180+2"]
[Date "2023.05.03"]
[WhiteClock "0:00:00"]
[BlackClock "0:00:00"]

1. e4 Nc6 2. Nf3 d6 3. d4 Nf6 4. Nc3 Bg4 5. Be2 e6 6. Be3 Be7 7. Qd2 O-O 8. h3 Bh5 9. a3 d5 10. e5 Ne4 11. Nxe4 dxe4 12. Ng1 Bg6 13. O-O-O a5 14. h4 f5 15. g3 Bf7 16. Nh3 Qd7 17. Nf4 Rfd8 18. Bb5 a4 19. Qc3 Bf8 20. h5 Be8 21. g4 fxg4 22. Rhg1 Qf7 23. Be2 Ne7 24. Bxg4 Nf5 25. d5 exd5 26. e6 Qe7 27. Bxf5 c6 28. Rg4 h6 29. Rdg1 Kh8 30. Bd4 c5 31. Bxg7+ Bxg7 32. Rxg7 d4 33. Rg8# 1-0


[Site "https://www.chess.com"]

[Event "Titled Tuesday Blitz May 2 Early 2023"]
[White "Gontcharov, Vladislav"]
[Black "Gutkin, Ilya"]
[WhiteFideId "4123492"]
[BlackFideId "16203470"]
[WhiteElo "2420"]
[BlackElo "2265"]
[Result "1-0"]
[Round "07"]
[TimeControl "180+2"]
[Date "2023.05.03"]
[WhiteClock "0:00:00"]
[BlackClock "0:00:00"]

1. e4 e6 2. d4 d5 3. Nd2 c5 4. exd5 Qxd5 5. Ngf3 cxd4 6. Bc4 Qd7 7. O-O Nc6 8. Nb3 a6 9. Nbxd4 Nxd4 10. Nxd4 Bc5 11. Be3 e5 12. Nf5 Qxd1 13. Nxg7+ Kf8 14. Raxd1 Kxg7 15. Bxc5 Nf6 16. Bd6 Re8 17. Rfe1 e4 18. Bb4 Bf5 19. Bc3 Rac8 20. Bb3 Red8 21. h3 h5 22. Kf1 h4 23. Ke2 Bg6 24. g4 hxg3 25. fxg3 Rxd1 26. Rxd1 Rc6 27. Rf1 Bh7 28. g4 Kg6 29. Ke3 a5 30. Rxf6+ Rxf6 31. Bxf6 Kxf6 32. Bd5 Ke5 33. Bxb7 f5 34. gxf5 Bxf5 35. h4 Bg6 36. Bc6 Bf5 37. c3 Bg6 38. b4 axb4 39. cxb4 Bf5 40. a4 Bg6 41. a5 Kd6 42. Bxe4 1-0


[Site "https://www.chess.com"]

[Event "Titled Tuesday Blitz May 2 Early 2023"]
[White "Goswami, Vedant"]
[Black "Ezat, Mohamed"]
[WhiteFideId "5003725"]
[BlackFideId "10600906"]
[WhiteElo "2011"]
[BlackElo "2386"]
[Result "1/2-1/2"]
[Round "07"]
[TimeControl "180+2"]
[Date "2023.05.03"]
[WhiteClock "0:00:00"]
[BlackClock "0:00:00"]

1. b3 d6 2. d4 Nf6 3. Bb2 g6 4. Nf3 Bg7 5. Nbd2 O-O 6. e3 Nc6 7. c4 e5 8. dxe5 Nd7 9. Be2 Ndxe5 10. Nxe5 Nxe5 11. Bd4 a5 12. O-O a4 13. c5 Re8 14. cxd6 Qxd6 15. Rc1 axb3 16. Qxb3 Be6 17. Qb2 Rxa2 18. Qc3 c5 19. Bxe5 Bxe5 20. Ne4 Bxh2+ 21. Kh1 Qb8 22. Nf6+ Kh8 23. Nxe8+ Be5 24. Qxc5 Kg8 25. Nc7 Bxc7 26. Qxc7 Qxc7 27. Rxc7 Rxe2 28. Rxb7 Bc4 29. Kg1 Rc2 30. Rfb1 Be6 31. Rb8+ Kg7 32. R8b2 Rc5 33. Rb5 Rc3 34. R5b2 h5 35. Re1 Rc5 36. Rd2 Rg5 37. Kf1 Bc4+ 38. Kg1 Be6 39. Kh2 h4 40. f3 Rc5 41. e4 Rc3 42. Red1 h3 43. Rd3 Rc2 44. R1d2 Rc1 45. gxh3 Rf1 46. Kg3 Rh1 47. Rh2 Rg1+ 48. Rg2 Rf1 49. Re3 Rh1 50. f4 Rxh3+ 51. Kf2 Rh1 52. Rf3 Bc4 53. f5 Rf1+ 54. Ke3 Re1+ 55. Kf4 Bb5 56. fxg6 fxg6 57. Rfg3 Be8 58. Rg5 Bf7 59. Rd5 Bxd5 60. exd5 Kf6 61. Rd2 g5+ 62. Kg4 Rg1+ 63. Kf3 Ke7 64. d6+ Kd7 65. Kf2 Rg4 66. Kf3 Rc4 67. Kg3 Rc5 68. Rd3 Rb5 69. Kg4 Rc5 70. Rd2 Rc6 71. Rd3 Rc5 72. Rd2 Ra5 73. Rd3 Ra6 74. Rd2 Rxd6 75. Rxd6+ Kxd6 76. Kxg5 1/2-1/2


[Site "https://www.chess.com"]

[Event "Titled Tuesday Blitz May 2 Early 2023"]
[White "Bartel, Michal"]
[Black "Delorme, Alban"]
[WhiteFideId "1119257"]
[BlackFideId "623636"]
[WhiteElo "2282"]
[BlackElo "2196"]
[Result "1-0"]
[Round "07"]
[TimeControl "180+2"]
[Date "2023.05.03"]
[WhiteClock "0:00:00"]
[BlackClock "0:00:00"]

1. e4 c5 2. Ne2 d6 3. g3 g6 4. Bg2 Bg7 5. c3 Nf6 6. d4 O-O 7. O-O Nc6 8. h3 e5 9. Be3 exd4 10. cxd4 cxd4 11. Nxd4 d5 12. Nxc6 bxc6 13. e5 Nd7 14. f4 Nb6 15. Bc5 Re8 16. Nd2 Be6 17. Rc1 Rc8 18. b3 f6 19. Nf3 Nd7 20. Bd6 fxe5 21. fxe5 Bf5 22. Rxc6 Be4 23. Rxc8 Qxc8 24. Qd4 Qc6 25. Qxa7 Ra8 26. Qf2 Qa6 27. Ng5 Bxg2 28. Qf7+ Kh8 29. Kxg2 Qc6 30. Rf2 d4+ 31. Kh2 d3 32. e6 Nf6 33. Be7 Qb6 34. Kg2 Nh5 35. Qf3 Re8 36. Ba3 d2 37. Rxd2 h6 38. Nf7+ Kh7 39. g4 Qa5 40. Re2 Qxa3 41. gxh5 1-0


[Site "https://www.chess.com"]

[Event "Titled Tuesday Blitz May 2 Early 2023"]
[White "Molina, Roberto Junio Brito"]
[Black "Reefat, Bin-Sattar"]
[WhiteFideId "2109450"]
[BlackFideId "10200207"]
[WhiteElo "2376"]
[BlackElo "2462"]
[Result "1-0"]
[Round "07"]
[TimeControl "180+2"]
[Date "2023.05.03"]
[WhiteClock "0:00:00"]
[BlackClock "0:00:00"]

1. d4 e6 2. c4 b6 3. a3 g6 4. e4 Bg7 5. Nc3 Ne7 6. Be3 Bb7 7. Qd2 h6 8. f3 d5 9. cxd5 exd5 10. e5 Nd7 11. f4 a6 12. Nf3 c5 13. Bd3 Rc8 14. O-O Nf5 15. Bxf5 gxf5 16. Rad1 O-O 17. dxc5 Nxc5 18. Nxd5 Ne4 19. Qd4 Rc2 20. Nxb6 Qxd4 21. Bxd4 h5 22. Rc1 Re2 23. Rfe1 Rxe1+ 24. Rxe1 Bh6 25. Be3 Rd8 26. Nh4 1-0


[Site "https://www.chess.com"]

[Event "Titled Tuesday Blitz May 2 Early 2023"]
[White "Yeritsyan, Hayk"]
[Black "Preotu, Razvan"]
[WhiteFideId "13307320"]
[BlackFideId "2613280"]
[WhiteElo "2241"]
[BlackElo "2407"]
[Result "0-1"]
[Round "07"]
[TimeControl "180+2"]
[Date "2023.05.03"]
[WhiteClock "0:00:00"]
[BlackClock "0:00:00"]

1. d4 Nf6 2. Nc3 d5 3. Bf4 c5 4. e3 cxd4 5. exd4 a6 6. Nf3 Nc6 7. h3 Bf5 8. Bd3 Bxd3 9. Qxd3 e6 10. O-O Be7 11. Rfe1 O-O 12. Re2 Rc8 13. Rae1 Qb6 14. Nd1 Nb4 15. Qb3 Qb5 16. Ne5 Nxc2 17. Rxc2 Qxb3 18. Rxc8 Qxa2 19. Rxf8+ Bxf8 20. f3 h6 21. Be3 a5 22. Nd3 Qb3 23. Nc5 Bxc5 24. dxc5 e5 25. Bf2 d4 26. Bg3 d3 27. Bxe5 d2 28. Rf1 Nd5 29. Kf2 Qc4 30. Bd6 Nb4 31. Ne3 Nd3+ 32. Ke2 Nf4+ 33. Kxd2 Qd3+ 34. Kc1 Ne2# 0-1


[Site "https://www.chess.com"]

[Event "Titled Tuesday Blitz May 2 Early 2023"]
[White "Lavrik, Dmitry"]
[Black "Karwowski, Kacper"]
[WhiteFideId "24113190"]
[BlackFideId "1126032"]
[WhiteElo "2345"]
[BlackElo "2261"]
[Result "1-0"]
[Round "07"]
[TimeControl "180+2"]
[Date "2023.05.03"]
[WhiteClock "0:00:00"]
[BlackClock "0:00:00"]

1. c4 e6 2. g3 d5 3. Bg2 Nf6 4. Nf3 Be7 5. O-O dxc4 6. Qa4+ Bd7 7. Qxc4 c5 8. Ne5 Qc8 9. Nc3 Nc6 10. Nxd7 Qxd7 11. d3 O-O 12. Be3 Rac8 13. Qa4 Rfd8 14. Rfc1 a6 15. a3 Nd4 16. Kf1 b5 17. Qxa6 Nb3 18. Qxb5 Nxc1 19. Rxc1 Rb8 20. Qxd7 Rxd7 21. Na4 Nd5 22. Bxc5 Bg5 23. f4 Bf6 24. b4 Ra8 25. Bxd5 Rxd5 26. Nb6 Rxa3 27. Nxd5 exd5 28. Bd4 Ra8 29. Bxf6 gxf6 30. Kf2 Rb8 31. Rb1 Kf8 32. Ke3 Ke7 33. Kd4 Kd6 34. b5 Rb6 35. f5 h6 36. Rb2 Rb8 37. b6 Rb7 38. Rb3 Kc6 39. g4 Kd6 40. e4 dxe4 41. dxe4 Kc6 42. Ke3 Kc5 43. Kf4 Kc4 44. Rb1 Kd4 45. h3 Kd3 46. e5 fxe5+ 47. Kxe5 Ke3 48. Rb3+ Kf2 49. Kf4 Kg2 50. h4 1-0


[Site "https://www.chess.com"]

[Event "Titled Tuesday Blitz May 2 Early 2023"]
[White "Baches Garcia, Guillermo"]
[Black "Borgaonkar Akshay"]
[WhiteFideId "2209764"]
[BlackFideId "25639110"]
[WhiteElo "2334"]
[BlackElo "2063"]
[Result "0-1"]
[Round "07"]
[TimeControl "180+2"]
[Date "2023.05.03"]
[WhiteClock "0:00:00"]
[BlackClock "0:00:00"]

1. e4 c5 2. Nf3 e6 3. d4 cxd4 4. Nxd4 a6 5. c4 Qc7 6. Nc3 Nc6 7. Be3 Nf6 8. a3 b6 9. Be2 Bb7 10. O-O h5 11. f3 Bd6 12. h3 h4 13. f4 Nxd4 14. Qxd4 Bc5 15. Qd3 Rd8 16. b4 Bxe3+ 17. Qxe3 d6 18. Rad1 O-O 19. Rd2 Rc8 20. e5 dxe5 21. Qxe5 Qc6 22. Bf3 Qxc4 23. Bxb7 Qxc3 24. Bxc8 Qxd2 25. Bxa6 Rd8 26. Bb7 Rd3 27. f5 exf5 28. Qxf5 Rg3 29. Kh1 Qd3 30. Qxd3 Rxd3 31. Ra1 Nh5 32. a4 Ng3+ 33. Kg1 Rb3 34. a5 bxa5 35. Rxa5 Rxb4 36. Bc6 Rb2 37. Rb5 Rc2 38. Be4 Nxe4 0-1


[Site "https://www.chess.com"]

[Event "Titled Tuesday Blitz May 2 Early 2023"]
[White "Horak, Martin"]
[Black "Orlov, Georgi"]
[WhiteFideId "367095"]
[BlackFideId "2011271"]
[WhiteElo "2091"]
[BlackElo "2453"]
[Result "0-1"]
[Round "07"]
[TimeControl "180+2"]
[Date "2023.05.03"]
[WhiteClock "0:00:00"]
[BlackClock "0:00:00"]

1. e4 e6 2. d4 d5 3. Nd2 Be7 4. Bd3 c5 5. dxc5 Nc6 6. exd5 exd5 7. Ngf3 Bxc5 8. O-O Nf6 9. Re1+ Be6 10. h3 O-O 11. c3 h6 12. Nb3 Bb6 13. Be3 Bc7 14. Nbd4 a6 15. Qd2 Nxd4 16. Nxd4 Qd6 17. Nf3 Rfe8 18. Bd4 Ne4 19. Qc2 Ng5 20. Ne5 f6 21. h4 Ne4 22. Nf3 Bg4 23. Bxe4 dxe4 24. Rxe4 Bxf3 25. gxf3 Qh2+ 26. Kf1 Qh1+ 27. Ke2 Qxa1 0-1


[Site "https://www.chess.com"]

[Event "Titled Tuesday Blitz May 2 Early 2023"]
[White "Girish, A. Koushik"]
[Black "Eggink, Ryszard"]
[WhiteFideId "5038448"]
[BlackFideId "1125869"]
[WhiteElo "2398"]
[BlackElo "2283"]
[Result "1-0"]
[Round "07"]
[TimeControl "180+2"]
[Date "2023.05.03"]
[WhiteClock "0:00:00"]
[BlackClock "0:00:00"]

1. d4 Nf6 2. c4 e6 3. Nf3 Bb4+ 4. Bd2 a5 5. g3 b6 6. Bg2 Bb7 7. O-O O-O 8. Nc3 d6 9. Qc2 Nbd7 10. Rfe1 Bxc3 11. Bxc3 Be4 12. Qd2 d5 13. b3 a4 14. Bh3 axb3 15. axb3 Bxf3 16. exf3 c6 17. Bf1 Qc7 18. Kg2 h6 19. Bd3 Qb7 20. h4 Rxa1 21. Rxa1 Ra8 22. Qc1 Rxa1 23. Qxa1 Ne8 24. Qa3 c5 25. cxd5 exd5 26. Bb5 Nd6 27. Bxd7 Qxd7 28. dxc5 bxc5 29. Qxc5 Nb5 30. Bd4 Nxd4 31. Qxd4 Qb5 32. b4 h5 33. g4 g6 34. Kg3 Kf8 35. Qc5+ Qxc5 36. bxc5 Ke7 37. Kf4 Kd7 38. Ke5 Kc6 39. Kd4 f6 40. gxh5 gxh5 41. f4 f5 42. f3 1-0


[Site "https://www.chess.com"]

[Event "Titled Tuesday Blitz May 2 Early 2023"]
[White "Ismagilov, Damir"]
[Black "Shuvalov, Evgenij"]
[WhiteFideId "34199982"]
[BlackFideId "4187237"]
[WhiteElo "2078"]
[BlackElo "2080"]
[Result "1-0"]
[Round "07"]
[TimeControl "180+2"]
[Date "2023.05.03"]
[WhiteClock "0:00:00"]
[BlackClock "0:00:00"]

1. d4 Nf6 2. Nf3 g6 3. Nbd2 d5 4. b3 Bg7 5. Bb2 c5 6. e3 Nc6 7. dxc5 O-O 8. Be2 Qa5 9. a3 Qxc5 10. O-O Rd8 11. b4 Qb6 12. c4 dxc4 13. Bxc4 Bg4 14. Qb3 e6 15. Rac1 a5 16. b5 a4 17. Qa2 Na5 18. Bd4 Qd6 19. Be2 Nd7 20. Bxg7 Kxg7 21. Qb2+ Kg8 22. Ne4 Qb6 23. Rcd1 Bf5 24. Nf6+ Nxf6 25. Qxf6 h6 26. Ne5 Rf8 27. Nd7 Qc7 28. b6 Qc2 29. Bf3 Rfd8 30. Qe7 Be4 31. Bxe4 Qxe4 32. Nf6+ Kg7 33. Nxe4 1-0


[Site "https://www.chess.com"]

[Event "Titled Tuesday Blitz May 2 Early 2023"]
[White "Bochnicka, Vladimir"]
[Black "Iskusnyh, Sergei"]
[WhiteFideId "14943450"]
[BlackFideId "4120027"]
[WhiteElo "2094"]
[BlackElo "2492"]
[Result "0-1"]
[Round "07"]
[TimeControl "180+2"]
[Date "2023.05.03"]
[WhiteClock "0:00:00"]
[BlackClock "0:00:00"]

1. e4 e6 2. d4 d5 3. Nd2 c5 4. exd5 Qxd5 5. Ngf3 cxd4 6. Bc4 Qd7 7. O-O Nc6 8. Re1 Nf6 9. Nb3 Bb4 10. Bd2 Bxd2 11. Qxd2 O-O 12. Nbxd4 Nxd4 13. Nxd4 Qc7 14. Bb3 Bd7 15. c3 Rad8 16. Qe2 Bc8 17. h3 Rfe8 18. Rad1 Qc5 19. Qb5 Qc7 20. Qc4 Qxc4 21. Bxc4 a6 22. Nb3 Kf8 23. Be2 b6 24. Bf3 a5 25. Nd4 Bd7 26. Nc6 Bxc6 27. Bxc6 Rxd1 28. Rxd1 Rc8 29. Bf3 Ke7 30. Kf1 Nd7 31. Ke2 Nc5 32. Rd4 f5 33. g3 Rc7 34. Kd2 Nd7 35. Ke3 Ne5 36. Be2 g5 37. f4 gxf4+ 38. gxf4 Nd7 39. Rd1 Nc5 40. Rg1 Kf6 41. Rg8 Na4 42. Rb8 Nxb2 43. Rxb6 Nc4+ 44. Bxc4 Rxc4 45. Rb3 Re4+ 46. Kf3 Ra4 47. a3 Rc4 48. Ke3 a4 49. Rb4 Rxc3+ 0-1


[Site "https://www.chess.com"]

[Event "Titled Tuesday Blitz May 2 Early 2023"]
[White "Arpita, Mukherjee"]
[Black "Janaszak, Dawid"]
[WhiteFideId "5056403"]
[BlackFideId "1119206"]
[WhiteElo "2129"]
[BlackElo "2220"]
[Result "1/2-1/2"]
[Round "07"]
[TimeControl "180+2"]
[Date "2023.05.03"]
[WhiteClock "0:00:00"]
[BlackClock "0:00:00"]

1. e4 c5 2. Nf3 Nc6 3. Bb5 d5 4. exd5 Qxd5 5. Nc3 Qh5 6. Be2 Nf6 7. O-O e6 8. d4 cxd4 9. Nxd4 Qa5 10. Nxc6 bxc6 11. Bf3 Bd7 12. Ne4 Nxe4 13. Bxe4 Qc7 14. Re1 Bd6 15. Qh5 g6 16. Qh4 Qd8 17. Bg5 Be7 18. Bxe7 Qxe7 19. Qh6 Rb8 20. b3 Rb5 21. Bf3 Qf8 22. Qe3 Qc5 23. Qh6 Qf8 24. Qd2 Qb4 25. c3 Qe7 26. Rad1 Rb7 27. Qh6 Qf8 28. Qf4 Qc5 29. Qf6 Rf8 30. c4 Qe7 31. Qd4 f6 32. Qd6 Qxd6 33. Rxd6 Ke7 34. Bxc6 Kxd6 35. Bxb7 a5 36. Rd1+ Kc7 37. Bf3 e5 38. Rd5 a4 39. b4 Rb8 40. a3 Be6 41. Rc5+ Kd6 42. Rc6+ Ke7 43. b5 f5 44. Be2 Rd8 45. f3 Rd2 46. Kf1 Rb2 47. Ra6 e4 48. fxe4 fxe4 49. Ra7+ Kf6 50. Rxa4 e3 51. Rb4 Ra2 52. Rb1 Bf5 53. Rc1 Rxa3 54. c5 Rb3 55. b6 Bc8 56. g3 Bh3+ 57. Kg1 Rb2 58. Bf1 Bg4 59. c6 e2 60. Bxe2 Rxe2 61. b7 Rb2 62. Rf1+ Kg5 63. Rc1 Bf3 64. Rc4 Rb1+ 65. Kf2 Bxc6 66. Rxc6 Rxb7 67. Rc5+ Kh6 68. Kg2 Rb2+ 69. Kh3 Rb4 70. g4 Rb3+ 71. Kh4 Rb4 72. h3 Rb7 73. g5+ Kg7 74. Kg4 Re7 75. Rc4 Rd7 76. h4 h5+ 77. gxh6+ Kxh6 78. Ra4 Rd6 79. Rb4 Rc6 80. Ra4 Rb6 81. Rc4 Rd6 82. Ra4 Rd1 83. Rc4 Rg1+ 84. Kh3 Rf1 85. Rc5 Rh1+ 86. Kg4 Rg1+ 87. Kh3 Rh1+ 88. Kg4 Rg1+ 89. Kh3 Rh1+ 1/2-1/2


[Site "https://www.chess.com"]

[Event "Titled Tuesday Blitz May 2 Early 2023"]
[White "Berezin, Viktor"]
[Black "Eidelman, Gabriel"]
[WhiteFideId "14107872"]
[BlackFideId "30910544"]
[WhiteElo "2310"]
[BlackElo "2209"]
[Result "1-0"]
[Round "07"]
[TimeControl "180+2"]
[Date "2023.05.03"]
[WhiteClock "0:00:00"]
[BlackClock "0:00:00"]

1. d4 d6 2. Nf3 g6 3. g3 Bg7 4. Bg2 Nf6 5. O-O O-O 6. a4 a5 7. Nc3 d5 8. Ne5 c6 9. e4 dxe4 10. Nxe4 Nxe4 11. Bxe4 Bh3 12. Re1 Nd7 13. Nxd7 Qxd7 14. c3 Rad8 15. Qb3 e5 16. Bg5 Rde8 17. dxe5 Bxe5 18. Rad1 Qc8 19. Qb6 Bg7 20. Bf4 Rxe4 21. Rxe4 Qg4 22. Rd3 g5 23. Qe3 gxf4 24. Rxf4 Qe6 25. g4 Bxg4 26. Qg3 Bf5 27. Re3 Qg6 28. Re7 Qxg3+ 29. hxg3 Bc8 30. Rfe4 Bf6 31. Rc7 Kg7 32. Kg2 Rd8 33. Re2 Bg4 34. f3 Bc8 35. Kf2 Be6 36. Rxb7 Rd3 37. b4 Bd5 38. bxa5 Rxf3+ 39. Ke1 Bxc3+ 40. Kd1 Bb3+ 41. Rxb3 1-0


[Site "https://www.chess.com"]

[Event "Titled Tuesday Blitz May 2 Early 2023"]
[White "Vitenberg, Noam Aviv"]
[Black "Srebrnic, Marko"]
[WhiteFideId "1532138"]
[BlackFideId "14603616"]
[WhiteElo "2236"]
[BlackElo "2341"]
[Result "0-1"]
[Round "07"]
[TimeControl "180+2"]
[Date "2023.05.03"]
[WhiteClock "0:00:00"]
[BlackClock "0:00:00"]

1. f4 e5 2. fxe5 d6 3. Nf3 dxe5 4. e4 f5 5. Nc3 Nf6 6. Nxe5 Bc5 7. Nd3 Bd4 8. Be2 O-O 9. b3 Nxe4 10. Bb2 Qh4+ 11. g3 Nxg3 12. hxg3 Qxh1+ 13. Bf1 Re8+ 14. Ne2 Bxb2 15. Nxb2 f4 16. Kf2 Qh2+ 17. Kf3 Nc6 18. d4 Bf5 19. Nxf4 Be4+ 20. Kg4 Rad8 21. Bc4+ Kh8 22. Qg1 Qh6 23. Ne6 Rxe6 24. Bxe6 Qxe6+ 25. Kf4 Rxd4 26. Ke3 Bg2+ 27. Kf2 Rd2# 0-1


[Site "https://www.chess.com"]

[Event "Titled Tuesday Blitz May 2 Early 2023"]
[White "Leenhouts, Koen"]
[Black "Seletsky, Grigory"]
[WhiteFideId "1008439"]
[BlackFideId "14112191"]
[WhiteElo "2409"]
[BlackElo "2490"]
[Result "1-0"]
[Round "07"]
[TimeControl "180+2"]
[Date "2023.05.03"]
[WhiteClock "0:00:00"]
[BlackClock "0:00:00"]

1. e4 e6 2. d4 d5 3. e5 c5 4. c3 Nc6 5. Nf3 Bd7 6. Bd3 Rc8 7. O-O Nge7 8. dxc5 Ng6 9. Bg5 Qc7 10. Re1 Bxc5 11. b4 Be7 12. Bxe7 Ncxe7 13. h4 Nf4 14. Bf1 O-O 15. g3 Nfg6 16. h5 Nh8 17. h6 g6 18. Qd2 f6 19. exf6 Rxf6 20. Ne5 Rcf8 21. f4 Nc6 22. Ng4 Rf5 23. Na3 a6 24. Nc2 Qb6+ 25. Kh2 Rh5+ 26. Kg2 d4 27. Bc4 Nd8 28. Qxd4 Bc6+ 29. Kg1 Rh1+ 30. Kf2 Qxd4+ 31. Nxd4 Rxe1 32. Rxe1 Bd5 33. Bxd5 exd5 34. Re7 Rf7 35. Re8+ Rf8 36. Nf6+ Kf7 37. Rxf8+ Kxf8 38. Nxh7+ Ke7 39. Ng5 Ndf7 40. Nxf7 Nxf7 41. h7 Kf6 42. Ke3 Kg7 43. Ne6+ Kxh7 44. Ng5+ Nxg5 45. fxg5 Kg7 46. Kd4 Kf7 47. Kxd5 Ke7 48. c4 Kd7 49. c5 Kc7 50. a4 Kd7 51. b5 axb5 52. axb5 Kc7 53. Ke6 1-0


[Site "https://www.chess.com"]

[Event "Titled Tuesday Blitz May 2 Early 2023"]
[White "Sai Han Thiha"]
[Black "Demin, Vladimir"]
[WhiteFideId "13012290"]
[BlackFideId "4167457"]
[WhiteElo "1954"]
[BlackElo "2430"]
[Result "0-1"]
[Round "07"]
[TimeControl "180+2"]
[Date "2023.05.03"]
[WhiteClock "0:00:00"]
[BlackClock "0:00:00"]

1. d4 d5 2. c4 e6 3. Nc3 Nf6 4. Bg5 Be7 5. e3 O-O 6. Nf3 h6 7. Bh4 c6 8. Qc2 Nbd7 9. a3 b6 10. cxd5 exd5 11. Bd3 Bb7 12. O-O c5 13. Rfe1 Rc8 14. dxc5 Nxc5 15. Bf5 Ne6 16. Rad1 Rc4 17. Bg3 Qc8 18. Ne5 Rc5 19. Qa4 a5 20. h3 Rd8 21. Rd2 Nh5 22. Bh2 Rxc3 23. bxc3 Qxc3 24. Red1 Qxa3 25. Qg4 Nf6 26. Qf3 Ba8 27. Ng6 Bb4 28. Rd3 Qb2 29. Nf4 d4 30. e4 Nc5 31. g4 Nfxe4 32. Qe2 Nxd3 33. Rxd3 Qxe2 34. Nxe2 a4 35. Nc1 Nc5 36. Rd1 a3 37. Be5 Bc3 38. h4 Bf3 39. Rf1 b5 40. g5 hxg5 41. hxg5 b4 42. Bc2 d3 43. Bd1 Be4 0-1


[Site "https://www.chess.com"]

[Event "Titled Tuesday Blitz May 2 Early 2023"]
[White "Ljukin, Sergei"]
[Black "Krsnik Cohar, Ivan Vihor"]
[WhiteFideId "14102200"]
[BlackFideId "14520044"]
[WhiteElo "2312"]
[BlackElo "2414"]
[Result "1-0"]
[Round "07"]
[TimeControl "180+2"]
[Date "2023.05.03"]
[WhiteClock "0:00:00"]
[BlackClock "0:00:00"]

1. e4 c5 2. Nf3 g6 3. c4 Bg7 4. d4 cxd4 5. Nxd4 Nc6 6. Be3 d6 7. Nc3 Nf6 8. Be2 Bd7 9. O-O Nxd4 10. Bxd4 O-O 11. f4 Bc6 12. Bf3 Nd7 13. Bxg7 Kxg7 14. b4 Qb6+ 15. c5 Qxb4 16. Nd5 Qxc5+ 17. Kh1 Bxd5 18. exd5 Rac8 19. Re1 Rfe8 20. Qa4 Nf6 21. Rab1 Rc7 22. h3 b6 23. Rbc1 Qxc1 24. Rxc1 Rxc1+ 25. Kh2 Rc7 26. g4 Rb8 27. Qd4 Kg8 28. Qe3 b5 29. g5 Ne8 30. h4 Rbc8 31. h5 Rc3 32. Qe4 Ng7 33. Bg4 Rc2+ 34. Kg1 R8c7 35. h6 Rd2 36. Bh3 Nf5 37. Qe1 Rdc2 38. Qe4 Rxa2 39. Qb1 Rac2 40. Qxb5 Rc8 41. Bxf5 gxf5 42. Qd3 Ra2 43. Qb1 Rcc2 44. Qb8+ 1-0


[Site "https://www.chess.com"]

[Event "Titled Tuesday Blitz May 2 Early 2023"]
[White "Pourkashiyan, Atousa"]
[Black "Pham, Le Thao Nguyen"]
[WhiteFideId "12502014"]
[BlackFideId "12401226"]
[WhiteElo "2228"]
[BlackElo "2286"]
[Result "1-0"]
[Round "07"]
[TimeControl "180+2"]
[Date "2023.05.03"]
[WhiteClock "0:00:00"]
[BlackClock "0:00:00"]

1. e4 c5 2. Nf3 e6 3. d4 cxd4 4. Nxd4 a6 5. Nc3 Qc7 6. Be2 b5 7. O-O Bb7 8. Re1 Nf6 9. e5 Nd5 10. Nxd5 Bxd5 11. Bf3 Bxf3 12. Qxf3 Nc6 13. Bf4 Rc8 14. Nf5 Qd8 15. Ng3 Nd4 16. Qb7 Rc7 17. Qb6 Bc5 18. Qxa6 Nxc2 19. Qxb5 Nxe1 20. Rxe1 O-O 21. Qd3 Qb8 22. b3 Rfc8 23. Ne4 Qb4 24. Bd2 Qd4 25. Qg3 Kh8 26. Bc3 Qd5 27. Ng5 Bxf2+ 28. Qxf2 Rxc3 29. Nxf7+ Kg8 30. Rf1 Qc5 31. Nd6 Qxf2+ 32. Kxf2 Rc1 33. Nxc8 Rxc8 34. Re1 Kf7 35. Re2 Ke7 36. Rd2 Rc5 37. Re2 Rb5 38. Kf3 Rb4 39. Ke3 g5 40. Rd2 h5 41. Rd4 Rb5 42. Ke4 Ra5 43. Ra4 Rd5 44. Rd4 Ra5 45. Rd2 Rb5 46. Rb2 Rb4+ 47. Kd3 Rb5 48. Kd4 Rb4+ 49. Kd3 Rb5 50. Re2 h4 51. Kc4 Rd5 52. a4 d6 53. exd6+ Kxd6 54. b4 e5 55. a5 Rd4+ 56. Kc3 Kc6 57. Rxe5 Rg4 58. Re2 Kb5 59. Kb3 Rxb4+ 60. Kc3 Rg4 61. Ra2 Ka6 62. Kd3 Rb4 63. Ke3 Rc4 64. h3 Rb4 65. Kf3 Rc4 66. Ra3 Rb4 67. Ra2 Rc4 68. Re2 Rc5 69. Ra2 1-0


[Site "https://www.chess.com"]